 Dungeon Crawl Stone Soup version 0.31-a0-229-g1fc7ce93e2 (webtiles) character file.

Game seed: 14159487694641059035

2396 qw the Skirmisher (level 9, -2/78 HPs)
             Began as a Minotaur Hexslinger on July 6, 2023.
             Slain by a gnoll sergeant
             ... wielding a +5 trident of freezing
              (4 damage)
             ... on level 6 of the Dungeon.
             The game lasted 00:02:22 (5726 turns).

qw the Skirmisher (Minotaur Hexslinger)             Turns: 5726, Time: 00:02:22

Health: -2/78      AC:  5    Str: 20    XL:     9   Next: 22%
Magic:  9/9        EV: 15    Int: 10    God:
Gold:   349        SH:  0    Dex: 22    Spells: 9/10 levels left

rFire   . . .        Y - +1 arbalest
rCold   . . .        (shield currently unavailable)
rNeg    . . .        h - +0 ring mail
rPois   .            (helmet restricted)
rElec   .            (no cloak)
rCorr   .            (no gloves)
SInv    .            (no boots)
Will    .....        i - amulet of the acrobat
Stlth   +            g - +6 ring of strength
HPRegen 0.33/turn    b - +6 ring of dexterity
MPRegen 0.11/turn

%: acrobat
@: no status effects
A: horns 2, retaliatory headbutt
a: no special abilities


You were on level 6 of the Dungeon.
You visited 1 branch of the dungeon, and saw 6 of its levels.
You also visited: Sewer.

You collected 349 gold pieces.


Innate Abilities, Weirdness & Mutations

You have a pair of horns on your head.
You reflexively headbutt those who attack you in melee.


   Skills:
 + Level 6.9 Fighting
 - Level 10.5 Ranged Weapons
 - Level 2.8 Armour
 - Level 5.9 Dodging
 - Level 1.0 Spellcasting
 - Level 2.0 Hexes


You had 9 spell levels left.
You knew the following spells:

 Your Spells              Type           Power      Damage    Failure   Level
a - Slow                  Hex            16%        N/A       26%         1

Your spell library contained the following spells:

 Spells                   Type           Power      Damage    Failure   Level
 Inner Flame              Hex/Fire       2%         N/A       75%         3
 Portal Projectile        Hex/Tloc       4%         N/A       75%         3
 Cause Fear               Hex            2%         N/A       94%         4

Inventory:

Hand Weapons
 Y - a +1 arbalest (weapon)
Armour
 c - +0 swamp dragon scales
 e - the +5 robe of Misfortune {Harm *Corrode *Slow EV+5}
   (You found it on level 6 of the Dungeon)

   EV:        It affects your evasion (+5).
   *Corrode:  It may corrode you when you take damage.
   *Slow:     It may slow you when you take damage.
   Harm:      It increases damage dealt and taken.
 h - a +0 ring mail (worn)
Jewellery
 b - a +6 ring of dexterity (right hand)
 g - a +6 ring of strength (left hand)
 i - an amulet of the acrobat (around neck)
Scrolls
 a - a scroll of identify
Potions
 d - 2 potions of curing

Dungeon Overview and Level Annotations

Branches:
Dungeon (6/15)              Sewer (visited)
 Temple: D:4-7

Altars:
Fedhas
Hepliaklqana
Makhleb
Sif Muna
Uskayaw

Shops:
D:6 :

Annotations:
D:6 exclusion: gnoll sergeant


Message History

The gnoll sergeant hits you from afar with a +5 trident of freezing.
The gnoll sergeant freezes you.
The gnoll sergeant hits you from afar with a +5 trident of freezing!
The gnoll sergeant freezes you.
You shoot a bolt. The bolt hits the gnoll sergeant.
The gnoll sergeant is moderately wounded.
The gnoll sergeant hits you from afar with a +5 trident of freezing!
The gnoll sergeant freezes you.
You shoot a bolt.
The bolt completely misses the gnoll sergeant.
The gnoll sergeant hits you from afar with a +5 trident of freezing.
The gnoll sergeant freezes you. The gnoll sergeant barely misses you.
Enter note:
Enter note:
Enter note:
Enter note:
Enter note:
Enter note:
Enter note:
Enter note:
Enter note:
Enter note:
Enter note:
Enter note:
Enter note:
Enter note:
Enter note:
5723 ||| UPGRADING to +0 swamp dragon scales.
The gnoll sergeant hits you from afar with a +5 trident of freezing!
You stop removing your armour.
The gnoll sergeant freezes you.
5724 ||| UPGRADING to +0 swamp dragon scales.
The gnoll sergeant hits you from afar with a +5 trident of freezing.
You stop removing your armour.
The gnoll sergeant freezes you.
5725 ||| UPGRADING to +0 swamp dragon scales.
The gnoll sergeant hits you from afar with a +5 trident of freezing!
You stop removing your armour.
The gnoll sergeant freezes you.
5726 ||| UPGRADING to +0 swamp dragon scales.
The gnoll sergeant hits you from afar with a +5 trident of freezing.
You stop removing your armour.
You die...

......####..####...##
....................#
............###.....# #
#...........##...##..<.#
####........###..# ....
##.......>...#...# ...#
.....#...........# ....#
.##.###).........#...#..
..).# #.......#.@.......
...###........#...##....
.....#...#....#.g## ..
.#.......#.......'
##.............#.'.
##[.##......###.## #..##
....# #.. ##...# .. #..
##%...#


You could see a gnoll sergeant.

Vanquished Creatures
  An oklob plant (D:6)
  Maggie (D:6)
  Edmund (D:5)
  2 ice beasts
  2 ogres (D:4)
  A wolf (D:6)
  5 phantoms
  A centaur (D:6)
  3 scorpions
  A crimson imp (D:4)
  A hound (D:4)
  2 orc priests
  Jessica (D:3)
  3 iguanas
  A sleepcap (D:3)
  2 orc wizards
  10 gnolls
  3 river rats (D:4)
  5 adders
  2 white imps
  3 ufetubi
  3 worms (Sewer)
  A dart slug (D:3)
  12 orcs
  12 ball pythons
  3 bats
  8 endoplasms
  2 giant cockroaches
  7 goblins
  5 hobgoblins
  3 quokkas
  3 frilled lizards
  15 kobolds
  13 rats
138 creatures vanquished.

Notes
Turn   | Place    | Note
-------+----------+-------------------------------------------
     0 | D:1      | qw the Minotaur Hexslinger began the quest for the Orb.
     0 | D:1      | Reached XP level 1. HP: 16/16 MP: 1/1
     0 | D:1      | 0 ||| qw: Version: 0.3-a-46-gb1f654a
     0 | D:1      | 0 ||| qw: Game counter: 1107
     0 | D:1      | 0 ||| qw: Melee chars always use a shield: true
     0 | D:1      | 0 ||| qw: God list: Okawaru
     0 | D:1      | 0 ||| qw: Allow faded altars: false
     0 | D:1      | 0 ||| qw: Do Orc after clearing Dungeon:15 true
     0 | D:1      | 0 ||| qw: Do second Lair branch before Depths: true
     0 | D:1      | 0 ||| qw: Lair rune preference: random
     0 | D:1      | 0 ||| qw: Goals: Normal
     0 | D:1      | 0 ||| PLANNING D:1-11
   128 | D:1      | Reached skill level 3 in Ranged Weapons
   128 | D:1      | Reached XP level 2. HP: 22/23 MP: 2/2
   772 | D:1      | 772 ||| UPGRADING to +0 ring mail.
   782 | D:1      | 782 ||| DROPPING +0 robe.
   783 | D:1      | 783 ||| READING 2 scrolls labelled XAACEL COHIMM.
   784 | D:1      | 784 ||| READING scroll labelled WICWA JOPER.
   785 | D:1      | 785 ||| READING scroll labelled QIHAQO MYSE.
   786 | D:1      | 786 ||| DROPPING scroll of poison.
  1109 | D:2      | Reached XP level 3. HP: 29/29 MP: 3/3
  1388 | D:2      | 1388 ||| READING 2 scrolls of identify.
  1388 | D:2      | 1388 ||| IDENTIFYING coppery potion
  1855 | D:3      | Reached skill level 4 in Ranged Weapons
  1878 | D:3      | Reached skill level 1 in Armour
  1936 | D:3      | Noticed Jessica
  1939 | D:3      | Killed Jessica
  1940 | D:3      | Reached XP level 4. HP: 22/36 MP: 4/4
  2025 | D:3      | Reached skill level 5 in Ranged Weapons
  2071 | D:3      | Identified the staff of the Shallot {rN+ Int+3 Necro}
  2072 | D:3      | 2072 ||| SWAPPING to +0 arbalest.
  2073 | D:3      | 2073 ||| DROPPING +1 sling.
  2231 | D:3      | 2231 ||| UPGRADING to amulet of the acrobat.
  2236 | D:3      | 2236 ||| READING scroll labelled DAEHAPPUNIHO.
  2237 | D:3      | 2237 ||| READING scroll labelled AMEVVALISM.
  2238 | D:3      | 2238 ||| READING scroll labelled AHOUN KUMISSA.
  2239 | D:3      | 2239 ||| READING scroll labelled GOUKOU OJ KYCA.
  2240 | D:3      | 2240 ||| READING scroll labelled XIFISA OJEURU.
  2291 | D:4      | 2291 ||| PLANNING SEWER
  2347 | D:4      | Found a glowing drain.
  2360 | D:4      | Reached XP level 5. HP: 39/44 MP: 5/5
  2366 | D:4      | Reached skill level 3 in Fighting
  2384 | D:4      | 2384 ||| FLEEEEING.
  2397 | D:4      | 2397 ||| FLEEEEING.
  2404 | D:4      | 2404 ||| STAIRDANCE
  2458 | Sewer    | Entered a sewer
  2468 | Sewer    | 2468 ||| Stepping ~*~*~tactically~*~*~ (water).
  2537 | Sewer    | 2537 ||| Stepping ~*~*~tactically~*~*~ (water).
  2554 | Sewer    | 2554 ||| Stepping ~*~*~tactically~*~*~ (water).
  2592 | Sewer    | 2592 ||| Stepping ~*~*~tactically~*~*~ (water).
  2647 | Sewer    | 2647 ||| Stepping ~*~*~tactically~*~*~ (water).
  2713 | Sewer    | 2713 ||| DRINKING 3 fizzy cyan potions.
  2714 | Sewer    | 2714 ||| DRINKING 2 puce potions.
  2715 | Sewer    | 2715 ||| DROPPING 2 potions of magic.
  2747 | D:4      | 2747 ||| PLANNING D:1-11
  2795 | D:4      | Reached XP level 6. HP: 44/52 MP: 6/6
  2860 | D:4      | Reached skill level 6 in Ranged Weapons
  3056 | D:4      | Noticed an ice beast
  3061 | D:4      | Killed an ice beast
  3062 | D:4      | Reached skill level 7 in Ranged Weapons
  3062 | D:4      | Reached XP level 7. HP: 43/60 MP: 7/7
  3250 | D:4      | 3250 ||| FLEEEEING.
  3251 | D:4      | 3251 ||| FLEEEEING.
  3252 | D:4      | 3252 ||| FLEEEEING.
  3257 | D:4      | 3257 ||| FLEEEEING.
  3258 | D:4      | 3258 ||| STAIRDANCE
  3383 | D:3      | 3383 ||| UPGRADING to +6 ring of strength.
  3384 | D:3      | 3384 ||| READING 2 scrolls labelled RIETAGUCVI.
  3385 | D:3      | 3385 ||| DROPPING scroll of vulnerability.
  3388 | D:4      | 3388 ||| STAIRDANCE
  3436 | D:4      | 3436 ||| STAIRDANCE
  3499 | D:4      | 3499 ||| STAIRDANCE
  3570 | D:4      | Reached skill level 8 in Ranged Weapons
  3796 | D:4      | Found a burning altar of Makhleb.
  3805 | D:4      | Found a shimmering blue altar of Sif Muna.
  3806 | D:4      | 3806 ||| DRINKING 2 ruby potions.
  3807 | D:4      | 3807 ||| DROPPING potion of attraction.
  3853 | D:5      | Entered Level 5 of the Dungeon
  4016 | D:5      | 4016 ||| FLEEEEING.
  4019 | D:5      | Found a hazy altar of Hepliaklqana.
  4020 | D:5      | 4020 ||| FLEEEEING.
  4021 | D:5      | 4021 ||| FLEEEEING.
  4125 | D:5      | Reached skill level 9 in Ranged Weapons
  4125 | D:5      | Reached XP level 8. HP: 48/69 MP: 8/8
  4241 | D:5      | Noticed Edmund
  4251 | D:5      | Killed Edmund
  4252 | D:5      | Reached skill level 3 in Dodging
  4622 | D:5      | Found a hide-covered altar of Uskayaw.
  4754 | D:5      | 4754 ||| DROPPING ring of magical power.
  4812 | D:6      | Reached skill level 6 in Fighting
  4886 | D:6      | 4886 ||| FLEEEEING.
  5009 | D:6      | Found the +5 robe of Misfortune {Harm *Corrode *Slow EV+5}
  5276 | D:6      | Found Gafevet's Book Emporium.
  5324 | D:6      | 5324 ||| FLEEEEING.
  5325 | D:6      | 5325 ||| FLEEEEING.
  5326 | D:6      | 5326 ||| FLEEEEING.
  5327 | D:6      | 5327 ||| FLEEEEING.
  5328 | D:6      | 5328 ||| FLEEEEING.
  5329 | D:6      | 5329 ||| FLEEEEING.
  5330 | D:6      | 5330 ||| FLEEEEING.
  5331 | D:6      | 5331 ||| FLEEEEING.
  5332 | D:6      | 5332 ||| FLEEEEING.
  5333 | D:6      | 5333 ||| FLEEEEING.
  5334 | D:6      | 5334 ||| FLEEEEING.
  5335 | D:6      | 5335 ||| FLEEEEING.
  5336 | D:6      | 5336 ||| STAIRDANCE
  5382 | D:5      | 5382 ||| UPGRADING to +6 ring of dexterity.
  5383 | D:5      | 5383 ||| READING 2 scrolls of identify.
  5383 | D:5      | 5383 ||| IDENTIFYING clear potion
  5384 | D:5      | 5384 ||| DROPPING potion of invisibility.
  5439 | D:6      | Found a blossoming altar of Fedhas.
  5460 | D:6      | Noticed an oklob plant
  5461 | D:6      | 5461 ||| READING scroll labelled DANLEMP AZENIA.
  5462 | D:6      | 5462 ||| DRINKING 2 sedimented grey potions.
  5498 | D:6      | 5498 ||| DROPPING potion of lignification.
  5536 | D:6      | Killed an oklob plant
  5562 | D:6      | Reached XP level 9. HP: 71/75 MP: 9/9
  5562 | D:6      | Noticed Maggie
  5574 | D:6      | HP: 17/75 [Maggie/+0 broad axe (3)]
  5575 | D:6      | 5575 ||| DRINKING potion of heal wounds.
  5578 | D:6      | Killed Maggie
  5579 | D:6      | Reached skill level 10 in Ranged Weapons
  5723 | D:6      | 5723 ||| UPGRADING to +0 swamp dragon scales.
  5724 | D:6      | 5724 ||| UPGRADING to +0 swamp dragon scales.
  5724 | D:6      | HP: 19/78 [gnoll sergeant/+5 trident of freezing (1)]
  5725 | D:6      | 5725 ||| UPGRADING to +0 swamp dragon scales.
  5725 | D:6      | HP: 7/78 [gnoll sergeant/+5 trident of freezing (12)]
  5725 | D:6      | HP: 1/78 [gnoll sergeant/+5 trident of freezing (6)]
  5726 | D:6      | 5726 ||| UPGRADING to +0 swamp dragon scales.
  5726 | D:6      | Slain by a gnoll sergeant

Levels and vault maps discovered:
D:1:      lightli_arrival_quake, layout_loops_ring, minmay_hedge_maze,
          wander_ebering_terrifying_dragon_lair
D:2:      layout_loops_ring
D:3:      minmay_octagon_keep, layout_loops_ring, uniq_jessica
D:4:      layout_cave_pools, mainiacjoe_overflow_swirl, portal_sewer_entry_a,
          minmay_fire_ice_demons
D:5:      layout_loops_ring, mainiacjoe_overflow_catwalk_spiral, uniq_edmund
D:6:      layout_cave_pools, tgw_fedhas, serial_gnoll_camp,
          gnoll_camp_mini_loothouse, gnoll_camp_mini_hut, gnoll_camp_mini_shop,
          uniq_maggie

Skill      XL: |  1  2  3  4  5  6  7  8  9 |
---------------+----------------------------+-----
Ranged Weapons | 3 4 5 7 9 10 | 10.5
Fighting       | 2 3 4 5 6 |  6.9
Armour         | 1 2 |  2.8
Dodging        | 5 |  5.9
Spellcasting   | |  1.0
Hexes          | |  2.0

Action                     |  1- 3 |  4- 6 |  7- 9 || total
---------------------------+-------+-------+-------++-------
   Fire: Sling             |   124 |    20 |       ||   144
         Arbalest          |       |   131 |   189 ||   320
    Use: Scroll            |     4 |     5 |     3 ||    12
         Potion            |       |     2 |     3 ||     5
 Armour: Robe              |     2 |       |       ||     2
         Ring mail         |    14 |    22 |    19 ||    55
  Dodge: Dodged            |    41 |    56 |    62 ||   159

Table legend:
 A = Non-vault XP
 B = Vault XP
 C = Vault XP percentage of total XP
 D = Non-vault monster count
 E = Vault monster count
 F = Vault count percentage of total count
                 A         B        C        D         E       F
            +---------+---------+-------+---------+---------+-------
      Total |    1908 |    1516 |  44.3 |      89 |      49 |  35.5
            +---------+---------+-------+---------+---------+-------
        D:1 |      28 |       1 |   3.4 |      18 |       1 |   5.3
        D:2 |      25 |       0 |   0.0 |      15 |       0 |   0.0
        D:3 |      85 |      99 |  53.8 |       8 |      10 |  55.6
        D:4 |     744 |     105 |  12.4 |      23 |      10 |  30.3
        D:5 |     301 |     166 |  35.5 |      10 |       1 |   9.1
        D:6 |     725 |    1069 |  59.6 |      15 |       7 |  31.8
      Sewer |       0 |      76 | 100.0 |       0 |      20 | 100.0
            +---------+---------+-------+---------+---------+-------
